Cogmind - Beta 13 @@@ ROGUE MODE // 2024.04.14 @ 21:38:19 Player: Kulivox Result: Self-destructed Performance ------------- Evolutions (1) 500 Regions Visited (5) 1000 Robots Destroyed (35) 175 Value Destroyed (734) 734 Prototype IDs (0) 0 Alien Tech Used (0) 0 Bonus (0) 0 TOTAL SCORE: 2409 Bonus ------- None Cogmind --------- Core Integrity 125/400 Matter 300/300 Energy 265/265 System Corruption 0% Temperature Cool (0) Movement Treading (240) Ox1 Location -9/Exiles Parts ------- > --- POWER (1) -------- Improved Ion Engine > --- PROPULSION (3) --- Light Treads Light Treads > --- UTILITY (3) ------ Heat Sink High-capacity Storage Unit Targeting Computer > --- WEAPON (2) ------- Heavy Assault Rifle Rocket Launcher > --- INVENTORY (20) --- Light Ion Engine Light Treads Small Storage Unit Improved Targeting Computer Splice Drone Bay Small Laser Particle Gun Particle Gun Particle Gun Mining Laser Peak State ------------ > --- POWER ------------ Improved Ion Engine > --- PROPULSION ------- Light Treads Light Treads > --- UTILITY ---------- Heat Sink High-capacity Storage Unit Targeting Computer > --- WEAPON ----------- Heavy Assault Rifle Rocket Launcher > --- INVENTORY -------- Light Ion Engine Light Treads Small Storage Unit Improved Targeting Computer Splice Drone Bay Small Laser Particle Gun Particle Gun Particle Gun Mining Laser [Rating: 13] Favorites ----------- Power Ion Engine Engine Ion Engine Propulsion Aluminum Leg Treads Light Treads Leg Aluminum Leg Flight Unit Flight Unit Utility Targeting Computer Device Heat Sink Storage Small Storage Unit Processor Targeting Computer Weapon Light Assault Rifle Energy Gun Small Laser Ballistic Gun Light Assault Rifle Launcher Rocket Launcher Build | -11 -10 -10 -9 -9 -9 ------- Run | Yrd Mat Min Mat Min Exi Slots Evolved 2 | . . . 2 . . Power . | . . . . . . Propulsion 1 | . . . 1 . . Utility 1 | . . . 1 . . Weapon . | . . . . . . Parts Attached 36 | 6 7 2 21 . . Power 5 | 1 . 1 3 . . Engine 5 | 1 . 1 3 . . Core . | . . . . . . Reactor . | . . . . . . Propulsion 10 | 2 2 . 6 . . Treads 2 | . . . 2 . . Leg 7 | 2 2 . 3 . . Wheel . | . . . . . . Hover . | . . . . . . Flight 1 | . . . 1 . . Utility 8 | 1 3 . 4 . . Device 3 | . . . 3 . . Storage 4 | 1 2 . 1 . . Processor 1 | . 1 . . . . Hackware . | . . . . . . Protection . | . . . . . . Artifact . | . . . . . . Weapon 13 | 2 2 1 8 . . Energy Gun 4 | . 1 . 3 . . Energy Cannon . | . . . . . . Ballistic Gun 8 | 2 1 1 4 . . Ballistic Cannon . | . . . . . . Launcher 1 | . . . 1 . . Special Weapon . | . . . . . . Impact Weapon . | . . . . . . Slashing Weapon . | . . . . . . Piercing Weapon . | . . . . . . Special Melee Weapon . | . . . . . . Unidentified Prototypes . | . . . . . . Parts Lost 14 | . . . 14 . . Power 2 | . . . 2 . . Propulsion 6 | . . . 6 . . Utility 2 | . . . 2 . . Weapon 4 | . . . 4 . . Highest Loss Streak 7 | . . . 7 . . To Critical Strikes . | . . . . . . Average Slot Usage (%) 88 | . 99 100 78 88 88 Engine 11 | . 14 14 10 11 11 Treads 7 | . . . 6 22 22 Leg 14 | . 28 28 11 . . Device 5 | . . . 7 11 11 Storage 12 | . 14 14 11 11 11 Processor 12 | . 13 14 11 11 11 Energy Gun 3 | . 4 2 5 . . Ballistic Gun 16 | . 23 25 12 11 11 Launcher 3 | . . . 2 11 11 Naked Turns . | . . . . . . Heaviest Build 55 | 13 13 13 55 55 55 Greatest Support 40 | 20 20 20 40 40 40 Greatest Overweight (x) 14 | . . . 14 1 1 Average Overweight (x) . | . . . 1 1 1 Largest Inventory Capacity 20 | 8 20 8 20 20 20 Average Capacity 13 | 6 8 8 15 20 20 Most Carried 10 | 5 8 8 9 10 10 Average Carried 6 | 2 6 7 5 9 10 Final Capacity 20 | 8 8 8 20 20 20 Final Carried 10 | 3 8 8 8 10 10 Class Distribution -------------------- 55% | Scavenger-Mutant 44% | Mutant Dominant Class ---------------- Mutant | -10/Materials Mutant | -10/Mines Scavenger-Mutant | -9/Materials Scavenger-Mutant | -9/Mines Scavenger-Mutant | -9/Exiles Resources | -11 -10 -10 -9 -9 -9 ----------- Run | Yrd Mat Min Mat Min Exi Matter Collected 835 | 169 313 61 292 . . Remotely . | . . . . . . Salvage Created 1311 | 100 530 87 594 . . Parts 74 | 2 23 13 36 . . Haulers Intercepted . | . . . . . . Recyclers Shooed 7 | . . 2 5 . . Parts Field Recycled . | . . . . . . Retrieved Matter . | . . . . . . Parts Self-Destructed . | . . . . . . Prevented . | . . . . . . Kills | -11 -10 -10 -9 -9 -9 ------- Run | Yrd Mat Min Mat Min Exi Combat Hostiles Destroyed 26 | . 8 6 12 . . Guns 25 | . 8 6 11 . . AOE 1 | . . . 1 . . Classes Destroyed 6 | 1 3 1 1 . . Worker 1 | . 1 . . . . Recycler 5 | 1 1 . 3 . . Watcher 3 | . 2 . 1 . . Swarmer 12 | . . 6 6 . . Grunt 11 | . 8 . 3 . . Sentry 3 | . . . 3 . . Best Kill Streak 5 | 1 5 3 3 . . Combat Bots Only 4 | . 4 3 2 . . Max Kills in Single Turn 2 | 1 1 1 2 . . Gunslinging . | . . . . . . Exploded 1 | . . . 1 . . Melee . | . . . . . . Uniques/NPCs Destroyed . | . . . . . . Combat | -11 -10 -10 -9 -9 -9 -------- Run | Yrd Mat Min Mat Min Exi Hostile Shots Fired 256 | . 47 31 178 . . Missed 78 | . 10 14 54 . . Damage Taken 1890 | . 467 136 1287 . . Core 368 | . 83 10 275 . . Absorbed by Shields . | . . . . . . Core Remaining (%) 81 | 100 . 62 . . . Volleys Fired 132 | 2 41 20 69 . . Largest 2 | 2 2 2 2 . . Hottest 80 | 40 60 60 80 . . Shots Fired 244 | 4 82 40 118 . . Gun 241 | 4 82 40 115 . . Cannon . | . . . . . . Launcher 3 | . . . 3 . . Special . | . . . . . . Kinetic 186 | 4 78 33 71 . . Thermal 55 | . 4 7 44 . . Explosive 3 | . . . 3 . . Electromagnetic . | . . . . . . Robot Hit Streak 11 | 4 10 5 11 . . Robot Miss Streak 4 | . 3 4 4 . . Penetration Max . | . . . . . . Secondary Targets 5 | . 2 1 2 . . Max Gunslinging Chain 1 | . 1 1 1 . . Shots Hit Robots 158 | 4 57 22 75 . . Core Hits 61 | 2 24 8 27 . . Critical Kills . | . . . . . . Critical Parts Destroyed 1 | . 1 . . . . Critical Strikes 1 | . 1 . . . . Destroy 1 | . 1 . . . . Melee Attacks . | . . . . . . Impact . | . . . . . . Slashing . | . . . . . . Piercing . | . . . . . . Sneak Attacks . | . . . . . . Combat Hostiles . | . . . . . . Follow-up Attacks . | . . . . . . Damage Inflicted 1825 | 44 600 285 896 . . Guns 1669 | 44 593 281 751 . . Cannons . | . . . . . . Explosions 138 | . . . 138 . . Melee . | . . . . . . Ramming 18 | . 7 4 7 . . Kinetic 1367 | 44 571 260 492 . . Thermal 302 | . 22 21 259 . . Explosive 138 | . . . 138 . . Electromagnetic . | . . . . . . Impact . | . . . . . . Slashing . | . . . . . . Piercing . | . . . . . . Highest Corruption . | . . . . . . Average Corruption . | . . . . . . Corruption Purged . | . . . . . . Corruption Blocked . | . . . . . . Overload Shots . | . . . . . . Overflow Damage 17 | . . . 17 . . Projectiles . | . . . . . . Explosions 17 | . . . 17 . . Melee . | . . . . . . Knockbacks . | . . . . . . Impact . | . . . . . . Kinetic . | . . . . . . Secondary . | . . . . . . Self-Inflicted Damage . | . . . . . . Shots . | . . . . . . Rammed 1 | . . . 1 . . Targets Rammed 7 | . 3 3 1 . . Kicked 6 | . 3 3 . . . Crushed . | . . . . . . Highest Temperature 42 | . 18 . 42 . . Average Temperature 9 | . 8 . 11 . . Received Heat Transfer 627 | . 264 . 363 . . Siege Activations . | . . . . . . Robots Corrupted . | . . . . . . Combat Hostiles . | . . . . . . Parts Fried . | . . . . . . Impact Corruptions . | . . . . . . Robots Melted . | . . . . . . Combat Hostiles . | . . . . . . Parts Melted 1 | . . . 1 . . Heat Transferred 675 | . 50 50 575 . . Parts Sabotaged . | . . . . . . Parts Stolen . | . . . . . . Parts Stripped . | . . . . . . Power Chain Reactions . | . . . . . . Alert | -11 -10 -10 -9 -9 -9 ------- Run | Yrd Mat Min Mat Min Exi Peak Influence 247 | 5 247 158 156 57 . Initial 61 | . 3 18 61 57 . Average 89 | 3 139 101 84 57 . Maximum Alert Level 1 | . 1 . . . . Low Security (%) 93 | 100 68 100 100 100 . Level 1 6 | . 31 . . . . Level 2 . | . . . . . . Level 3 . | . . . . . . Level 4 . | . . . . . . Level 5 . | . . . . . . High Security . | . . . . . . Max Security . | . . . . . . Squads Dispatched 3 | . 1 . 2 . . Investigation 1 | . 1 . . . . Extermination . | . . . . . . Reinforcement 2 | . . . 2 . . Assault . | . . . . . . Garrison . | . . . . . . Intercept . | . . . . . . Searches Triggered . | . . . . . . Construction Impeded . | . . . . . . Haulers Reinforced . | . . . . . . Active Scanning Responses . | . . . . . . Cargo Convoy Interrupts . | . . . . . . Stealth | -11 -10 -10 -9 -9 -9 --------- Run | Yrd Mat Min Mat Min Exi Distress Signals 4 | . 2 . 2 . . Communications Jammed . | . . . . . . Distress Signals . | . . . . . . Times Spotted 40 | . 12 6 22 . . Peak Tracking Total 7 | . 5 3 7 . . Tactical Retreats . | . . . . . . Traps | -11 -10 -10 -9 -9 -9 ------- Run | Yrd Mat Min Mat Min Exi Traps Triggered . | . . . . . . Indirectly . | . . . . . . Trap Hack Attempts . | . . . . . . Triggered . | . . . . . . Disarmed . | . . . . . . Reprogrammed . | . . . . . . Reused . | . . . . . . Traps Extracted . | . . . . . . Installed . | . . . . . . Triggered . | . . . . . . Machines | -11 -10 -10 -9 -9 -9 ---------- Run | Yrd Mat Min Mat Min Exi Machines Disabled . | . . . . . . Max in Single Turn . | . . . . . . Machines Repaired . | . . . . . . Machines Dismantled . | . . . . . . Machines Sabotaged . | . . . . . . Overloaded Fab Kills . | . . . . . . Hacking | -11 -10 -10 -9 -9 -9 --------- Run | Yrd Mat Min Mat Min Exi Machines Accessed 5 | . 3 . 1 1 . Terminals 3 | . 2 . 1 . . Fabricators . | . . . . . . Repair Stations . | . . . . . . Recycling Units 1 | . 1 . . . . Scanalyzers . | . . . . . . Garrison Access . | . . . . . . Total Hacks 8 | . 6 . 1 1 . Successful 3 | . 1 . 1 1 . Failed 5 | . 5 . . . . Catastrophic 2 | . 2 . . . . Database Lockouts . | . . . . . . Manual . | . . . . . . Terminals 5 | . 4 . 1 . . Fabricators . | . . . . . . Repair Stations . | . . . . . . Recycling Units 2 | . 2 . . . . Scanalyzers . | . . . . . . Garrison Access . | . . . . . . Terminal Hacks 3 | . 1 . 1 1 . Record 2 | . 1 . 1 . . Open Door 1 | . . . . 1 . Fabricator Hacks . | . . . . . . Repair Station Hacks . | . . . . . . Recycling Unit Hacks . | . . . . . . Scanalyzer . | . . . . . . Garrison Access Hacks . | . . . . . . Unauthorized Hacks . | . . . . . . Terminals . | . . . . . . Fabricators . | . . . . . . Repair Stations . | . . . . . . Recycling Units . | . . . . . . Scanalyzers . | . . . . . . Garrison Access . | . . . . . . Data Cores Recovered . | . . . . . . Used . | . . . . . . Hacking Detections 3 | . 3 . . . . Full Trace Events 1 | . 1 . . . . Feedback Events . | . . . . . . Feedback Blocked . | . . . . . . Robot Schematics Acquired . | . . . . . . Robots Built . | . . . . . . Authchips . | . . . . . . Time . | . . . . . . Total Robot Build Rating . | . . . . . . Part Schematics Acquired . | . . . . . . Parts Built . | . . . . . . Authchips . | . . . . . . Time . | . . . . . . Total Part Build Rating . | . . . . . . Parts Repaired . | . . . . . . Time . | . . . . . . Parts Recycled . | . . . . . . Recycled Matter . | . . . . . . Retrieved Matter . | . . . . . . Retrieved Components . | . . . . . . Parts Scanalyzed . | . . . . . . Part Schematics Acquired . | . . . . . . Parts Damaged . | . . . . . . Bothacking | -11 -10 -10 -9 -9 -9 ------------ Run | Yrd Mat Min Mat Min Exi Used RIF Installer . | . . . . . . Robots Hacked . | . . . . . . Non-combat . | . . . . . . Combat . | . . . . . . Robot Hacks Applied . | . . . . . . Relay Couplers Released . | . . . . . . Fabnet Peak Effective % . | . . . . . . Robots Rewired . | . . . . . . Allies Hacked . | . . . . . . Hacks Repelled . | . . . . . . Allies | -11 -10 -10 -9 -9 -9 -------- Run | Yrd Mat Min Mat Min Exi Total Allies 1 | . . . . 1 . Largest Group 1 | . . . . 1 . Highest-Rated Group 31 | . . . . 31 . Highest-Rated Ally 31 | . . . . 31 . Total Orders . | . . . . . . Ally Attacks . | . . . . . . Total Damage . | . . . . . . Kills . | . . . . . . Allies Corrupted . | . . . . . . Allies Melted . | . . . . . . Intel | -11 -10 -10 -9 -9 -9 ------- Run | Yrd Mat Min Mat Min Exi Robot Analysis Total . | . . . . . . Derelict Logs Recovered . | . . . . . . Drone Launches . | . . . . . . Drone Recoveries . | . . . . . . Exploration | -11 -10 -10 -9 -9 -9 ------------- Run | Yrd Mat Min Mat Min Exi Turns Passed 1882 | 81 413 242 750 391 5 Spaces Moved 850 | 59 229 147 250 163 2 Core 32 | 14 . . 18 . . Treads 246 | . . . 81 163 2 Legs 572 | 45 229 147 151 . . Wheels . | . . . . . . Hover . | . . . . . . Flight . | . . . . . . Fastest Speed 50 | 50 120 120 120 240 240 Average Speed 169 | 103 120 120 211 240 240 Slowest Speed 750 | 120 120 120 750 240 240 Overloaded Moves . | . . . . . . Propulsion Burnouts . | . . . . . . Robots Hopped . | . . . . . . Cave-ins Triggered . | . . . . . . Exploration Rate (%) 19 | 4 36 33 17 24 2 Regions Visited 5 Branch Regions 3 Pre-discovered Areas . | . . . . . . Known Exits Taken . | . . . . . . Unknown Exits Taken 5 | 1 1 1 1 1 . Scrap Searched . | . . . . . . Spaces Dug . | . . . . . . Terrain Destroyed 28 | . . . 28 . . Melee . | . . . . . . Projectile . | . . . . . . AOE 28 | . . . 28 . . Terrain Rammed . | . . . . . . Walls Destroyed . | . . . . . . Machines Disabled . | . . . . . . Actions | -11 -10 -10 -9 -9 -9 --------- Run | Yrd Mat Min Mat Min Exi Total 1076 | 75 295 175 365 164 2 Wait . | . . . . . . Move 845 | 58 228 146 249 162 2 Hop . | . . . . . . Pick Up 44 | 9 11 2 20 2 . Fast Attach . | . . . . . . Attach 22 | 6 1 . 15 . . Detach . | . . . . . . Swap 14 | . 6 2 6 . . Drop 12 | . 5 2 5 . . Fire 132 | 2 41 20 69 . . Melee . | . . . . . . Ram . | . . . . . . Kick 6 | . 3 3 . . . Crush 1 | . . . 1 . . Escape Stasis . | . . . . . . Rewire . | . . . . . . Trap . | . . . . . . Miscellaneous . | . . . . . . Route ------- -11/Scrapyard -10/Materials (discovered 2 exits: *Mat / [*Min]) -10/Mines -9/Materials -9/Mines -9/Exiles History --------- Turn | Location | Event 9 | -11/Scrapyard | Discovered new exit (range 15) 82 | -11/Scrapyard | Entered Materials 210 | -10/Materials | Discovered new exit (range 13) 313 | -10/Materials | Build established: Mutant 479 | -10/Materials | Discovered new exit (range 11) 495 | -10/Materials | Entered Mines 714 | -10/Mines | Discovered new exit (range 5) 737 | -10/Mines | Entered Materials 737 | -9/Materials | Evolved 2 slots: Propulsion x1, Utility x1 907 | -9/Materials | Lost 7 parts (1p2n1u3w) 1140 | -9/Materials | Lost 3 parts (1p1n1u) 1182 | -9/Materials | Core integrity fell below 50% 1213 | -9/Materials | Build established: Scavenger-Mutant 1259 | -9/Materials | Lost 3 parts (2n1w) 1391 | -9/Materials | Discovered new exit (range 16) 1487 | -9/Materials | Entered Mines 1493 | -9/Mines | Found the Drone Emporium 1509 | -9/Mines | Found Prototype Device 1576 | -9/Mines | Assembled infested the area 1616 | -9/Mines | Received a Mining Laser from a helpful Derelict 1837 | -9/Mines | Discovered new exit (range 9) 1878 | -9/Mines | Entered Exiles 1883 | -9/Exiles | Self-destructed Last Messages --------------- U-05 Engineer lays Concrete. U-05 Engineer builds a Wall. U-05 Engineer lays Concrete. U-05 Engineer builds a Wall. U-05 Engineer lays Concrete. U-05 Engineer builds a Wall. K-01 Serf collects debris. U-05 Engineer builds a Wall. U-05 Engineer lays Concrete. U-05 Engineer builds a Wall. U-05 Engineer lays Concrete. EXIT=FOUND K-01 Serf collects debris. U-05 Engineer lays Concrete. U-05 Engineer builds a Wall. G3-EOP(g): "You look like you can take it from here!" G3-EOP(g) slips back into the shadows. LOCATION=UNKNOWN GOAL=ESCAPE Map ----- +----------------------------------------------------+ | ????????????????????????????????????? | | ????????????????????????????????????? | | ????????????????????????????????????? | | ????????????????????????????????????? | | ????????????????????????????????????? | | ????????????????????????????????????? | | ????????????????????????????????????? | | ????????????????????????????????????? | | ????????????????????????????????????? | | ????????????????????????????????????? | | ????????????????????????????????????? | | ????????????????????????????????????? | | ????????????????????????????????????? | | ????????????????????????????????????? | | ?????????????? ????????????????????? | | ?????????????? ???????????????????? | | ????????????? ??????????????????? | | ????????????? ?????????????????? | | ????????????? ????????????????? | | ??????????????? ???????????????? | | ???????????????## ??????????????? | | ????????????????" #?????????????? | | ??????????????????# ##???????????? | | ??????????????????# ##?????????? | | ???????????????????# ###???????? | | ?????????????????????# @ #???????? | | ?????????????????????# ##???????? | | ?????????????????????## ##????????? | | ??????????????????????#####?????????? | | ????????????????????????????????????? | | ????????????????????????????????????? | | ????????????????????????????????????? | | ????????????????????????????????????? | | ????????????????????????????????????? | | ????????????????????????????????????? | | ????????????????????????????????????? | | ????????????????????????????????????? | | ????????????????????????????????????? | | ????????????????????????????????????? | | ????????????????????????????????????? | | ????????????????????????????????????? | | ????????????????????????????????????? | | ????????????????????????????????????? | | ????????????????????????????????????? | | ????????????????????????????????????? | | ????????????????????????????????????? | | ????????????????????????????????????? | | ????????????????????????????????????? | | ????????????????????????????????????? | | ????????????????????????????????????? | +----------------------------------------------------+ Best States ------------- Heat Dissipation 38 Energy Generation 12 Energy Capacity 265 Matter Stores 300 Matter Capacity 300 Sight Range 16 Terrain Scan Density 10 Evasion (%) 55 Targeting Accuracy 5 Recoil Reduction 2 Item Schematics ----------------- None Robot Schematics ------------------ None Fabricated ------------ Nothing Alien Tech Used ----------------- None Achievements -------------- None Challenges ------------ None Game ------ Seed HackingMobileFlail Manual? 0 Play Time 00:18:21 Cumulative 3.1 hours Start 2024.04.12 @ 21:14:49 End 2024.04.14 @ 21:38:19 Sessions 3 Manual Loads 0 Difficulty Rogue Special Mode None Game No. 4 Rogue 1 Adventurer 3 Explorer 0 Win Type - Total 0 Types 0/0/0/0/0/0/0/0/0 Lore% 2 Gallery% 9 Achievement% 9 Wizard Run 0 Options --------- Layout 1 ASCII 0 Keyboard 0 Movement Arrows Keybinds 0 Fullscreen 1 Font 32/SmallcapsGlow Map View 50x35 Zoom Use 0% Tactical HUD 0 Map Filters NONE Filters NONE Steam 1 RUN: afdb6d0b-e5a0-4bd4-8630-60bf32a0e634